 Dungeon Crawl Stone Soup version 0.19.5 (webtiles) character file.

476 wolfsongas the Cruncher (level 6, -12/51 HPs)
             Began as a Minotaur Gladiator on May 3, 2017.
             Was a Follower of Okawaru.
             Mangled by Menkaure (16 damage)
             ... on level 4 of the Dungeon.
             The game lasted 00:09:48 (2381 turns).

wolfsongas the Cruncher (Minotaur Gladiator)        Turns: 2381, Time: 00:09:48

Health: -12/51     AC:  7    Str: 19    XL:     6   Next: 85%
Magic:  4/5        EV: 13    Int:  5    God:    Okawaru [*.....]
Gold:   125        SH:  0    Dex: 13    Spells: 0 memorised, 5 levels left

rFire  + . .     SeeInvis .     a - +1 quarterstaff
rCold  x . .     Gourm    .     e - +0 ring mail
rNeg   . . .     Faith    .     (shield currently unavailable)
rPois  .         Spirit   .     c - +1 hat
rElec  .         Reflect  .     k - +0 cloak
rCorr  .         Harm     .     (no gloves)
MR     .....                    (no boots)
Stlth  +.........               (no amulet)
                                (no ring)
                                i - ring of fire

@: no status effects
A: retaliatory headbutt, horns 2
a: Heroism, Renounce Religion


You were on level 4 of the Dungeon.
You worshipped Okawaru.
Okawaru was aware of your devotion.
You were not hungry.

You visited 1 branch of the dungeon, and saw 4 of its levels.

You collected 125 gold pieces.

Inventory:

Hand Weapons
 a - a +1 quarterstaff (weapon)
 p - a +1 mace of holy wrath
Missiles
 d - 5 throwing nets (quivered)
Armour
 c - a +1 hat (worn)
 e - a +0 ring mail (worn)
 k - a +0 cloak (worn)
Jewellery
 i - a ring of fire (left hand)
 m - an uncursed ring of stealth {unknown}
Wands
 r - a wand of slowing (40/48)
Scrolls
 b - 3 scrolls of remove curse
 h - a scroll of enchant armour
 l - 4 scrolls of amnesia
Potions
 n - a potion of resistance
Comestibles
 f - 2 bread rations
 g - 2 meat rations
 j - a slice of pizza


   Skills:
 + Level 3.4 Fighting
 * Level 8.0 Staves
 - Level 2.0 Throwing
 + Level 2.3 Armour
 + Level 4.3 Dodging


You had 5 spell levels left.
You didn't know any spells.

Dungeon Overview and Level Annotations

Branches:
Dungeon (4/15)
 Temple: D:4-7

Altars:
Fedhas
Kikubaaqudgha
Okawaru

Annotations:
D:4 Menkaure


Innate Abilities, Weirdness & Mutations

You reflexively headbutt those who attack you in melee.
You have a pair of horns on your head.


Message History

Pain shoots through your body!
* * * LOW HITPOINT WARNING * * *
The orc wizard hits you but does no damage.
The orc misses you.
The orc wizard hits you but does no damage.
The adder bites you but does no damage.
You see here a leather armour.
You thump the orc wizard!
You kill the orc wizard!
Okawaru accepts your kill.
Your Staves skill increases to level 8!
Menkaure hits you.
* * * LOW HITPOINT WARNING * * *
The adder completely misses you.
The orc hits you with a vampiric short sword.
* * * LOW HITPOINT WARNING * * *
You barely miss the adder. Your headbutt misses the adder.
The adder is heavily wounded.
Menkaure hits you!
You die...

##### .....
#######
......#.....##
......#......#
......M)o....#
#@S....###########
#.)...>..........#
#..$...######..#.#
#.........<.##.#..
#.......######...#
+.......# ##..#
######.########..#
#...........#
#.........#.#


You could see Menkaure, an adder and an orc.

Vanquished Creatures
  Sigmund (D:4)
  Blork the orc (D:4)
  An orc priest (D:4)
  An orc wizard (D:4)
  Natasha (thrice) (D:2)
  Terence (D:2)
  Robin (D:2)
  3 adders
  An ooze (D:1)
  A dart slug (D:2)
  A leopard gecko (D:2)
  3 orcs (D:4)
  A ball python (D:4)
  3 giant cockroaches (D:1)
  12 goblins
  7 hobgoblins
  A quokka (D:3)
  8 bats
  4 frilled lizards
  7 kobolds
  6 rats
  A withered plant (D:2)
68 creatures vanquished.

Notes
Turn   | Place    | Note
-------+----------+-------------------------------------------
     0 | D:1      | wolfsongas the Minotaur Gladiator began the quest for the Orb.
     0 | D:1      | Reached XP level 1. HP: 18/18 MP: 0/0
    45 | D:1      | Reached skill level 4 in Staves
    98 | D:1      | Reached XP level 2. HP: 24/25 MP: 1/1
   470 | D:2      | Found an iron altar of Okawaru.
   485 | D:2      | Noticed Natasha
   490 | D:2      | Killed Natasha
   490 | D:2      | Reached skill level 5 in Staves
   490 | D:2      | Reached XP level 3. HP: 30/30 MP: 2/2
   512 | D:2      | Became a worshipper of Warmaster Okawaru
   615 | D:2      | Noticed Terence
   622 | D:2      | Killed Terence
   622 | D:2      | Reached XP level 4. HP: 34/37 MP: 3/3
   655 | D:2      | Noticed Robin
   663 | D:2      | Killed Robin
   745 | D:2      | Noticed Natasha
   752 | D:2      | Killed Natasha
   752 | D:2      | Reached skill level 6 in Staves
   873 | D:2      | Found a blossoming altar of Fedhas.
   875 | D:2      | Found an ancient bone altar of Kikubaaqudgha.
   942 | D:2      | Reached XP level 5. HP: 38/45 MP: 4/4
   995 | D:2      | Noticed Natasha
  1002 | D:2      | Killed Natasha
  1002 | D:2      | Reached * piety under Okawaru
  1002 | D:2      | Reached skill level 1 in Armour
  1488 | D:3      | Found a faded altar of an unknown god.
  2019 | D:4      | Noticed Sigmund
  2039 | D:4      | Killed Sigmund
  2039 | D:4      | Reached skill level 7 in Staves
  2039 | D:4      | Reached XP level 6. HP: 31/51 MP: 2/5
  2361 | D:4      | Noticed Blork the orc
  2370 | D:4      | Noticed Menkaure
  2372 | D:4      | Killed Blork the orc
  2380 | D:4      | Reached skill level 8 in Staves
  2381 | D:4      | Mangled by Menkaure

Skill      XL: |  1  2  3  4  5  6 |
---------------+-------------------+-----
Staves         | 4 5 6 7 8 |  8.0
Fighting       | 3 |  3.4
Armour         | 1 2 |  2.3
Dodging        | 4 |  4.3
Throwing       | |  2.0

Action                   |  1- 3 |  4- 6 || total
-------------------------+-------+-------++-------
Melee: Quarterstaff      |    48 |   113 ||   161
       Headbutt          |     9 |    18 ||    27
Invok: Heroism           |       |     2 ||     2
  Use: Scroll            |     3 |     8 ||    11
       Potion            |     3 |     3 ||     6
  Eat: Bread ration      |       |     2 ||     2
Armor: Leather armour    |     8 |       ||     8
       Ring mail         |     8 |    37 ||    45
Dodge: Dodged            |    33 |    60 ||    93
